 Dungeon Crawl Stone Soup version 0.22-a0-571-g4a923d4 (webtiles) character file.

837 kae the Frost Mage (level 7, -1/46 HPs)
             Began as a Merfolk Ice Elementalist on July 1, 2018.
             Was an Initiate of Okawaru.
             Slain by a centaur (10 damage)
             ... on level 5 of the Dungeon.
             The game lasted 00:05:44 (6050 turns).

kae the Frost Mage (Merfolk Ice Elementalist)       Turns: 6050, Time: 00:05:45

Health: -1/46      AC:  2    Str: 10    XL:     7   Next: 99%
Magic:  13/14      EV: 13    Int: 14    God:    Okawaru [......]
Gold:   189        SH:  0    Dex: 20    Spells: 9/15 levels left

rFire    . . .     SeeInvis .   e - +0 spear
rCold    . . .     Gourm    .   (no shield)
rNeg     . . .     Faith    .   a - +0 robe
rPois    +         Spirit   .   (no helmet)
rElec    .         Reflect  .   (no cloak)
rCorr    .         Harm     .   (no gloves)
MR       .....                  (no boots)
Stlth    ++........             (no amulet)
HPRegen  0.15/turn              m - ring of poison resistance
MPRegen  0.14/turn              h - +5 ring of dexterity

@: no status effects
A: change form in water, swift swim, stealthy swim
a: Renounce Religion


You were on level 5 of the Dungeon.
You worshipped Okawaru.
Okawaru was noncommittal.
You were hungry.

You visited 2 branches of the dungeon, and saw 6 of its levels.

You collected 189 gold pieces.

Inventory:

Hand Weapons
 e - a +0 spear (weapon)
Armour
 a - a +0 robe (worn)
Jewellery
 h - a +5 ring of dexterity (right hand)
 m - a ring of poison resistance (left hand)
 s - an uncursed amulet of rage
Wands
 k - a wand of random effects (11)
 t - a wand of acid (6)
 u - a wand of enslavement (23)
Scrolls
 b - 7 scrolls of remove curse
 d - 4 scrolls of blinking
 g - a scroll of enchant weapon
 l - 4 scrolls of teleportation
Potions
 f - a potion of heal wounds
 i - a potion of ambrosia
 j - 2 potions of magic
 n - 3 potions of lignification
 o - a potion of flight
 p - 2 potions of mutation {unknown}
Comestibles
 c - 5 rations


   Skills:
 - Level 2.6 Dodging
 - Level 2.1 Stealth
 + Level 4.9 Spellcasting
 - Level 0.7 Conjurations
 * Level 8.4 Ice Magic
 + Level 0.5 Invocations


You had 9 spell levels left.
You knew the following spells:

 Your Spells              Type           Power        Failure   Level  Hunger
a - Freeze                Ice            ####         1%          1    None
b - Throw Frost           Conj/Ice       ###...       4%          2    ##.....
c - Ozocubu's Armour      Chrm/Ice       ###.....     10%         3    ###....

Your spell library contained the following spells:

 Spells                   Type           Power        Failure   Level  Hunger
 Summon Ice Beast         Ice/Summ       ###.....     30%         4    ####...
 Throw Icicle             Conj/Ice       ###.....     26%         4    ####...


Dungeon Overview and Level Annotations

Branches:
Dungeon (5/15)             Temple (1/1) D:5

Altars:
Ashenzari
Cheibriados
Elyvilon
Fedhas
Gozag
Nemelex Xobeh
Okawaru
Qazlal
Trog
Yredelemnul
Zin

Annotations:
D:5 exclusion: ice beast


Message History

You hit the howler monkey skeleton.
The howler monkey skeleton is almost destroyed.
The howler monkey skeleton hits you.
You hit the howler monkey skeleton.
You destroy the howler monkey skeleton!
Okawaru accepts your kill.
The centaur wields a shortbow.
The centaur shoots an arrow.
The arrow hits you!
The centaur shoots an arrow.
The arrow hits you.
The centaur unwields an uncursed shortbow.
The centaur hits you!
* * * LOW HITPOINT WARNING * * *
Casting: Freeze (safe; 1% risk of failure)
Confirm with . or Enter, or press ? or * to list all spells.
Aiming: Freeze (safe; 1% risk of failure)
Press: ? - help, Shift-Dir - straight line, f - centaur
Aim: a centaur You freeze the centaur.
The centaur is lightly wounded.
The centaur hits you!
You die...

## .# .# .# .# . .# #..
. [# #.# # .# #.# # .#
#####.##### #
.###§§§≈..^≈.#######.###
#
.##.#^.(..^.#^..@c......
#
..#.#≈^...^§#≈.#########
# .##≈###≈..#≈≈.§# #
<##≈^^≈..^§≈≈..# #
........_......# #
.##.......^..^## ##
.##.##≈.(^###.# #.
.##.#.#≈..# #§# #.
)##^#.#≈.^#.#^# #.


You could see a centaur.

Vanquished Creatures
  3 ogres
  A big kobold (D:3)
  A bullfrog (D:5)
  2 scorpions
  A crimson imp (D:5)
  A jelly (D:4)
  2 iguanas
  3 orc wizards
  A hound skeleton (D:5)
  2 howler monkey skeletons
  2 adders (D:3)
  An ooze (D:3)
  3 leopard geckos
  18 orcs
  A ball python (D:3)
  8 giant cockroaches
  9 goblins
  9 hobgoblins
  15 kobolds
  5 quokkas
  8 bats
  2 frilled lizards (D:3)
  A giant cockroach zombie (D:1)
  A jackal skeleton (D:5)
  A jackal zombie (D:1)
  6 rats
107 creatures vanquished.

Notes
Turn   | Place    | Note
-------+----------+-------------------------------------------
     0 | D:1      | kae the Merfolk Ice Elementalist began the quest for the Orb.
     0 | D:1      | Reached XP level 1. HP: 13/13 MP: 3/3
   374 | D:1      | Reached XP level 2. HP: 19/19 MP: 0/5
   617 | D:1      | Reached skill level 4 in Ice Magic
   759 | D:1      | Reached XP level 3. HP: 23/24 MP: 0/6
  1960 | D:3      | Reached skill level 5 in Ice Magic
  1960 | D:3      | Reached XP level 4. HP: 20/30 MP: 4/8
  2169 | D:3      | Found an opulent altar of Gozag.
  2420 | D:3      | Reached XP level 5. HP: 29/35 MP: 5/9
  2445 | D:3      | Learned a level 2 spell: Throw Frost
  2449 | D:3      | Learned a level 3 spell: Ozocubu's Armour
  3040 | D:3      | Found a glowing silver altar of Zin.
  3071 | D:3      | Noticed a big kobold
  3081 | D:3      | Killed a big kobold
  3081 | D:3      | Reached skill level 6 in Ice Magic
  3081 | D:3      | Reached XP level 6. HP: 17/41 MP: 0/11
  3648 | D:4      | Reached skill level 7 in Ice Magic
  3709 | D:4      | Reached XP level 7. HP: 22/46 MP: 0/13
  4716 | D:5      | Entered Level 5 of the Dungeon
  4915 | D:5      | Reached skill level 8 in Ice Magic
  5235 | D:5      | Found a stormy altar of Qazlal.
  5377 | D:5      | Found a staircase to the Ecumenical Temple.
  5496 | Temple   | Entered the Ecumenical Temple
  5865 | Temple   | Became a worshipper of Warmaster Okawaru
  6050 | D:5      | Slain by a centaur

Vault maps used:
D:1:      saegor_arrival_fortress
D:3:      cheibrodos_thug_alley, lemuel_coloured_pillars_altar, zin_treasury,
          first_ration
D:5:      nicolae_ru_awakened_eye, temple_green, grunt_qazlal_sundering
Temple:   jpeg_temple_island

Skill      XL: |  1  2  3  4  5  6  7 |
---------------+----------------------+-----
Ice Magic      | 4 5 6 7 8 |  8.4
Spellcasting   | 3 4 |  4.9
Dodging        | |  2.6
Stealth        | |  2.1
Conjurations   | |  0.7
Invocations    | |  0.5

Action                   |  1- 3 |  4- 6 |  7- 9 || total
-------------------------+-------+-------+-------++-------
Melee: Unarmed           |    38 |    12 |    33 ||    83
       Spear             |       |       |    14 ||    14
 Cast: Freeze            |    63 |    91 |    48 ||   202
       Throw Frost       |       |     4 |    11 ||    15
  Use: Scroll            |     1 |     9 |     4 ||    14
 Stab: Sleeping          |       |     1 |     1 ||     2
  Eat: Chunk             |     4 |     5 |     4 ||    13
       Ration            |       |       |     1 ||     1
Armor: Robe              |    23 |    14 |     6 ||    43
Dodge: Dodged            |    62 |    68 |    48 ||   178

Table legend:
 A = Spawn XP
 B = Non-spawn XP
 C = Spawn XP percentage of total XP
 D = Spawn monster count
 E = Non-spawn monster count
 F = Spawn count percentage of total count
 G = Total turns spent on level
                    A         B        C        D         E        F      G
               +---------+---------+-------+---------+---------+-------+---------
         Total |       0 |    1196 |   0.0 |       0 |     107 |   0.0 |  6050
               +---------+---------+-------+---------+---------+-------+---------
           D:1 |       0 |      36 |   0.0 |       0 |      23 |   0.0 |  1191
           D:2 |       0 |      20 |   0.0 |       0 |       9 |   0.0 |   574
           D:3 |       0 |     286 |   0.0 |       0 |      47 |   0.0 |  1755
           D:4 |       0 |     460 |   0.0 |       0 |      17 |   0.0 |  1272
           D:5 |       0 |     394 |   0.0 |       0 |      11 |   0.0 |   879
               +---------+---------+-------+---------+---------+-------+---------
